Cogmind - Beta 9.1 @@@ ROGUE MODE // 2019.11.03 @ 22:17:34 Player: TehFrederick Result: Destroyed by G-47 Trooper with Particle Gun Performance ------------- Evolutions (3) 1500 Regions Visited (5) 1000 Robots Destroyed (86) 430 Value Destroyed (2901) 2901 Prototype IDs (0) 0 Alien Tech Used (0) 0 Bonus (804) 804 TOTAL SCORE: 6635 Bonus ------- High Alert Combat Kills 104 Entered Garrisons 200 Used RIF Installer 500 Cogmind --------- Core Integrity 0/700 Matter 293/300 Energy 24/100 System Corruption 4% Temperature Cool (9) Location -7/Garrison Parts ------- Power (2) Propulsion (4) Utility (5) Relay Coupler [Brawler] (33) Relay Coupler [Brawler] (30) Relay Coupler [Sentry] (16) Relay Coupler [Hunter] (19) Weapon (2) Segregator Inventory (4) Advanced Sensor Array Force Field Relay Coupler [NC] (33) Remote Datajack Peak State ------------ Power Light Nuclear Core Light Nuclear Core Propulsion VTOL Module VTOL Module VTOL Module VTOL Module Utility Large Storage Unit Relay Coupler [Brawler] Relay Coupler [Brawler] Relay Coupler [Sentry] Relay Coupler [Hunter] Weapon KE Penetrator KE Penetrator Inventory VTOL Module VTOL Module Advanced Sensor Array Force Field Relay Coupler [NC] Gatling Laser Wave Gun Proton Missile Launcher Remote Datajack Remote Datajack [Rating: 45] Favorites ----------- Power Light Nuclear Core Engine Ion Engine Power Core Light Nuclear Core Propulsion VTOL Module Leg Aluminum Leg Hover Unit Gravmag System Flight Unit VTOL Module Utility Large Storage Unit Device Advanced Sensor Array Storage Large Storage Unit Processor Advanced Terrain Scan Processor Hackware Relay Coupler [Brawler] Protection Improved Light Armor Plating Weapon KE Penetrator Energy Gun EM Shotgun Energy Cannon Particle Cannon Ballistic Gun KE Penetrator Ballistic Cannon Advanced Assault Cannon Launcher Proton Missile Launcher Special Weapon Remote Datajack Slashing Weapon Segregator Build | -11 -10 -9 -8 -7 -7 ------- Run | Scr Mat Mat Mat Fac Gar Slots Evolved 6 | . . 2 2 2 . Power 1 | . . . . 1 . Propulsion 2 | . . 1 1 . . Utility 3 | . . 1 1 1 . Weapon . | . . . . . . Parts Attached 129 | 6 24 12 26 16 45 Power 26 | 1 4 2 5 3 11 Engine 8 | 1 4 2 . . 1 Core 18 | . . . 5 3 10 Reactor . | . . . . . . Propulsion 29 | 2 4 3 8 5 7 Treads . | . . . . . . Leg 17 | 2 4 3 8 . . Wheel . | . . . . . . Hover 5 | . . . . 5 . Flight 7 | . . . . . 7 Utility 29 | 1 7 4 5 4 8 Device 11 | . 1 2 5 1 2 Storage 9 | 1 5 1 . 1 1 Processor 3 | . 1 . . 1 1 Hackware 4 | . . . . . 4 Protection 2 | . . 1 . 1 . Artifact . | . . . . . . Weapon 45 | 2 9 3 8 4 19 Energy Gun 18 | 2 6 1 5 1 3 Energy Cannon 4 | . 1 2 1 . . Ballistic Gun 9 | . 1 . . 1 7 Ballistic Cannon 4 | . 1 . 2 . 1 Launcher 7 | . . . . 2 5 Special Weapon 2 | . . . . . 2 Impact Weapon . | . . . . . . Slashing Weapon 1 | . . . . . 1 Piercing Weapon . | . . . . . . Special Melee Weapon . | . . . . . . Unidentified Prototypes . | . . . . . . Parts Lost 47 | . 2 4 15 2 24 Power 6 | . . . 1 . 5 Propulsion 19 | . 1 2 4 2 10 Utility 7 | . . 1 2 . 4 Weapon 15 | . 1 1 8 . 5 Highest Loss Streak 11 | . 2 4 9 1 11 Average Slot Usage (%) 90 | . 91 93 90 97 87 Engine 4 | . 13 11 . . . Core 7 | . . . 7 15 11 Leg 15 | . 26 29 31 3 . Hover 4 | . . . . 25 3 Flight 7 | . . . . . 20 Device 8 | . . 7 21 18 3 Storage 9 | . 17 11 9 8 4 Processor 5 | . 4 11 2 4 7 Hackware 6 | . . . . . 18 Protection 1 | . . 1 . 5 1 Energy Gun 5 | . 16 6 6 1 . Energy Cannon 4 | . 5 15 8 . . Ballistic Gun 5 | . 3 . . 5 11 Ballistic Cannon 1 | . 2 . 2 1 1 Naked Turns . | . . . . . . Heaviest Build 43 | 10 24 30 31 43 39 Greatest Support 60 | 20 20 30 60 60 30 Greatest Overweight (x) 14 | . 4 6 1 14 10 Average Overweight (x) . | . . . . . . Largest Inventory Capacity 14 | 6 10 10 10 14 10 Average Capacity 8 | 5 7 9 10 10 7 Most Carried 13 | 4 10 10 10 13 10 Average Carried 7 | 2 6 8 9 9 7 Final Capacity 10 | 6 8 10 10 10 4 Final Carried 10 | 4 8 10 10 9 4 Class Distribution -------------------- 46% | Mutant 40% | Scavenger-Mutant 5% | Scavenger-Sprinter 3% | Skirmisher 3% | Bothacker-Mutant Dominant Class ---------------- Mutant | -10/Materials Scavenger-Mutant | -9/Materials Scavenger-Mutant | -8/Materials Mutant | -7/Factory Scavenger-Mutant | -7/Garrison Resources | -11 -10 -9 -8 -7 -7 ----------- Run | Scr Mat Mat Mat Fac Gar Matter Collected 2439 | 251 339 170 300 222 1157 Remotely 119 | . 119 . . . . Salvage Created 3638 | . 374 598 965 213 1488 Parts 186 | . 22 34 47 14 69 Haulers Intercepted 8 | . 2 2 2 2 . Recyclers Shooed 2 | . 1 1 . . . Parts Field Recycled . | . . . . . . Retrieved Matter . | . . . . . . Parts Self-Destructed . | . . . . . . Prevented . | . . . . . . Kills | -11 -10 -9 -8 -7 -7 ------- Run | Scr Mat Mat Mat Fac Gar Combat Hostiles Destroyed 63 | . 9 9 14 2 29 Guns 32 | . 7 1 3 2 19 Cannons 22 | . 2 7 10 . 3 AOE 9 | . . 1 1 . 7 Classes Destroyed 14 | . 5 3 4 1 1 Worker 3 | . . . 3 . . Builder 3 | . 1 1 . 1 . Hauler 8 | . 2 2 2 2 . Recycler 3 | . . 1 2 . . Operator 1 | . . . 1 . . Watcher 5 | . 2 1 . . 2 Swarmer 17 | . 6 . . . 11 Saboteur 2 | . . . . . 2 Grunt 24 | . 3 7 11 . 3 Brawler 6 | . . 1 . . 5 Duelist 2 | . . 1 . . 1 Sentry 6 | . . . 2 . 4 Hunter 3 | . . . 1 . 2 Programmer 3 | . . . . 2 1 Best Kill Streak 8 | . 4 3 8 3 5 Combat Bots Only 6 | . 4 2 6 1 4 Max Kills in Single Turn 3 | . 2 2 2 1 3 Gunslinging 1 | . 1 . . . . Exploded 3 | . . 1 1 . 3 Melee . | . . . . . . Uniques/NPCs Destroyed . | . . . . . . Combat | -11 -10 -9 -8 -7 -7 -------- Run | Scr Mat Mat Mat Fac Gar Damage Taken 5170 | . 544 439 1211 255 2721 Core 1004 | . 76 80 148 14 686 Absorbed by Shields . | . . . . . . Core Remaining (%) 80 | 100 69 80 73 . . Volleys Fired 273 | . 45 36 68 22 102 Largest 2 | . 2 2 2 2 2 Hottest 161 | . 113 136 136 108 161 Shots Fired 480 | . 84 62 123 25 186 Gun 309 | . 64 20 44 25 156 Cannon 160 | . 20 42 79 . 19 Launcher 6 | . . . . . 6 Special 5 | . . . . . 5 Kinetic 245 | . 36 . 21 22 166 Thermal 146 | . 31 42 68 3 2 Explosive . | . . . . . . Electromagnetic 84 | . 17 20 34 . 13 Robot Hit Streak 15 | . 6 6 11 5 15 Robot Miss Streak 6 | . 4 6 2 5 6 Penetration Max 1 | . . . . 1 1 Secondary Targets 2 | . 1 . . . 1 Max Gunslinging Chain 1 | . 1 . . . 1 Shots Hit Robots 294 | . 48 38 88 13 107 Core Hits 152 | . 21 21 42 9 59 Critical Hits 17 | . . . 3 . 14 Critical Kills 9 | . . . 3 . 6 Critical Parts Destroyed 7 | . . . . . 7 Melee Attacks 2 | . . . . . 2 Thermal 2 | . . . . . 2 Impact . | . . . . . . Slashing . | . . . . . . Piercing . | . . . . . . Sneak Attacks . | . . . . . . Combat Hostiles . | . . . . . . Follow-up Attacks . | . . . . . . Damage Inflicted 6696 | . 743 822 1947 428 2756 Guns 3760 | . 530 214 493 360 2163 Cannons 1906 | . 145 472 1041 . 248 Explosions 1030 | . 68 136 413 68 345 Melee . | . . . . . . Ramming . | . . . . . . Kinetic 3146 | . 214 . 266 320 2346 Thermal 2387 | . 313 608 1265 108 93 Explosive . | . . . . . . Electromagnetic 1163 | . 216 214 416 . 317 Impact . | . . . . . . Slashing . | . . . . . . Piercing . | . . . . . . Highest Corruption 4 | . 4 . . 3 4 Average Corruption 2 | . 2 . . 1 3 Corruption Purged . | . . . . . . Effects 53 | . 8 . . 5 40 Message Errors 15 | . 1 . . 2 12 Matter Fused 9 | . 2 . . 2 5 Heat Flow Errors 3 | . 1 . . . 2 Energy Discharges 8 | . 1 . . 1 6 Data Loss (minor) 5 | . 2 . . . 3 Targeting Errors 11 | . 1 . . . 10 Weapon Failures 2 | . . . . . 2 Overload Shots . | . . . . . . Overflow Damage 216 | . . . 198 . 18 Projectiles 38 | . . . 20 . 18 Explosions 178 | . . . 178 . . Melee . | . . . . . . Knockbacks 8 | . 1 . 7 . . Impact . | . . . . . . Kinetic 6 | . 1 . 5 . . Secondary 2 | . . . 2 . . Self-Inflicted Damage 233 | . 32 49 86 . 66 Shots 6 | . 1 1 1 . 3 Rammed . | . . . . . . Targets Rammed . | . . . . . . Kicked . | . . . . . . Crushed . | . . . . . . Highest Temperature 256 | . 153 256 117 127 240 Average Temperature 56 | . 39 67 31 85 60 Received Heat Transfer 1374 | . 99 150 504 . 621 Effects 2 | . . . . . 2 Energy Bleed 1 | . . . . . 1 Interference 1 | . . . . . 1 Siege Activations . | . . . . . . Robots Corrupted 1 | . 1 . . . . Combat Hostiles . | . . . . . . Parts Fried 4 | . 4 . . . . Impact Corruptions . | . . . . . . Robots Melted . | . . . . . . Combat Hostiles . | . . . . . . Parts Melted 3 | . . 1 1 . 1 Heat Transferred 3719 | . 637 901 1831 175 175 Parts Sabotaged 3 | . . . . . 3 Parts Stolen . | . . . . . . Parts Stripped . | . . . . . . Power Chain Reactions 6 | . 2 2 . . 2 Missiles Intercepted . | . . . . . . Alert | -11 -10 -9 -8 -7 -7 ------- Run | Scr Mat Mat Mat Fac Gar Peak Influence 568 | . 171 203 307 200 568 Average Influence 156 | . 58 89 140 53 284 Maximum Alert Level 2 | . . 1 1 1 2 Low Security (%) 75 | . . . . . . Level 1 8 | . . . . . . Level 2 16 | . . . . . . Level 3 . | . . . . . . Level 4 . | . . . . . . Level 5 . | . . . . . . High Security . | . . . . . . Max Security . | . . . . . . Squads Dispatched 10 | . 2 2 3 3 . Investigation 2 | . . 1 1 . . Extermination 1 | . . . . 1 . Reinforcement 6 | . 2 1 2 1 . Assault . | . . . . . . Garrison 1 | . . . . 1 . Intercept . | . . . . . . Construction Impeded 2 | . . . 1 1 . Haulers Reinforced . | . . . . . . Stealth | -11 -10 -9 -8 -7 -7 --------- Run | Scr Mat Mat Mat Fac Gar Distress Signals 7 | . 1 . 1 1 4 Communications Jammed . | . . . . . . Distress Signals . | . . . . . . Times Spotted 111 | . 17 16 29 6 43 Peak Tracking Total 10 | . 3 3 6 3 10 Tactical Retreats 18 | . 2 3 6 2 5 Traps | -11 -10 -9 -8 -7 -7 ------- Run | Scr Mat Mat Mat Fac Gar Traps Triggered 17 | . 6 1 . 1 9 Indirectly . | . . . . . . Trap Hack Attempts . | . . . . . . Triggered . | . . . . . . Disarmed . | . . . . . . Reprogrammed . | . . . . . . Reused . | . . . . . . Traps Extracted . | . . . . . . Installed . | . . . . . . Triggered 2 | . 1 . 1 . . Machines | -11 -10 -9 -8 -7 -7 ---------- Run | Scr Mat Mat Mat Fac Gar Machines Disabled 12 | . 1 2 1 6 2 Max in Single Turn 6 | . 1 1 1 6 1 Garrison Relay 2 | . . . . . 2 Machines Sabotaged . | . . . . . . Garrisons Compromised . | . . . . . . Overloaded Fab Kills . | . . . . . . Fab Network Shutdowns . | . . . . . . Hacking | -11 -10 -9 -8 -7 -7 --------- Run | Scr Mat Mat Mat Fac Gar Machines Accessed 3 | . . . 1 2 . Terminals . | . . . . . . Fabricators . | . . . . . . Repair Stations . | . . . . . . Recycling Units 2 | . . . 1 1 . Scanalyzers . | . . . . . . Garrison Access 1 | . . . . 1 . Total Hacks 5 | . . . 2 3 . Successful 2 | . . . 1 1 . Failed 3 | . . . 1 2 . Catastrophic . | . . . . . . Database Lockouts . | . . . . . . Manual . | . . . . . . Terminals . | . . . . . . Fabricators . | . . . . . . Repair Stations . | . . . . . . Recycling Units 4 | . . . 2 2 . Scanalyzers . | . . . . . . Garrison Access 1 | . . . . 1 . Terminal Hacks . | . . . . . . Fabricator Hacks . | . . . . . . Repair Station Hacks . | . . . . . . Recycling Unit Hacks 1 | . . . 1 . . Retrieve Components 1 | . . . 1 . . Scanalyzer . | . . . . . . Garrison Access Hacks 1 | . . . . 1 . Unlock Access 1 | . . . . 1 . Unauthorized Hacks . | . . . . . . Terminals . | . . . . . . Fabricators . | . . . . . . Repair Stations . | . . . . . . Recycling Units . | . . . . . . Scanalyzers . | . . . . . . Garrison Access . | . . . . . . Data Cores Recovered . | . . . . . . Used . | . . . . . . Hacking Detections 1 | . . . . 1 . Full Trace Events . | . . . . . . Feedback Events . | . . . . . . Feedback Blocked . | . . . . . . Robot Schematics Acquired . | . . . . . . Robots Built . | . . . . . . Matter . | . . . . . . Time . | . . . . . . Total Robot Build Rating . | . . . . . . Part Schematics Acquired . | . . . . . . Parts Built . | . . . . . . Matter . | . . . . . . Time . | . . . . . . Total Part Build Rating . | . . . . . . Parts Repaired . | . . . . . . Time . | . . . . . . Parts Recycled . | . . . . . . Recycled Matter . | . . . . . . Retrieved Matter . | . . . . . . Retrieved Components 10 | . . . 10 . . Parts Scanalyzed . | . . . . . . Part Schematics Acquired . | . . . . . . Parts Damaged . | . . . . . . Bothacking | -11 -10 -9 -8 -7 -7 ------------ Run | Scr Mat Mat Mat Fac Gar Used RIF Installer 1 | . . . . . 1 Robots Hacked 4 | . . . . . 4 Non-combat 1 | . . . . . 1 Combat 3 | . . . . . 3 Robot Hacks Applied 4 | . . . . . 4 parse_system 3 | . . . . . 3 overwrite_iff 1 | . . . . . 1 Relay Couplers Released 8 | . . . . . 8 Machine Destruction 8 | . . . . . 8 Attached 4 | . . . . . 4 Robots Rewired . | . . . . . . Allies Hacked . | . . . . . . Hacks Repelled . | . . . . . . Allies | -11 -10 -9 -8 -7 -7 -------- Run | Scr Mat Mat Mat Fac Gar Total Allies 1 | . . . . . 1 Largest Group . | . . . . . . Highest-Rated Group . | . . . . . . Highest-Rated Ally . | . . . . . . Total Orders . | . . . . . . Ally Attacks 2 | . . . . . 2 Total Damage 135 | . . . . . 135 Kills . | . . . . . . Allies Corrupted . | . . . . . . Allies Melted . | . . . . . . Intel | -11 -10 -9 -8 -7 -7 ------- Run | Scr Mat Mat Mat Fac Gar Robot Analysis Total . | . . . . . . Derelict Logs Recovered . | . . . . . . Drone Launches . | . . . . . . Drone Recoveries . | . . . . . . Exploration | -11 -10 -9 -8 -7 -7 ------------- Run | Scr Mat Mat Mat Fac Gar Turns Passed 4738 | 91 908 559 847 633 1700 Spaces Moved 3095 | 70 526 320 480 496 1203 Core 75 | 7 3 1 . 2 62 Treads . | . . . . . . Legs 1449 | 63 523 319 480 64 . Wheels . | . . . . . . Hover 603 | . . . . 430 173 Flight 968 | . . . . . 968 Fastest Speed 31 | 50 120 120 120 48 31 Average Speed 109 | 113 127 120 120 103 97 Slowest Speed 750 | 120 250 350 150 750 550 Overloaded Moves . | . . . . . . Propulsion Burnouts . | . . . . . . Robots Hopped . | . . . . . . Cave-ins Triggered . | . . . . . . Exploration Rate (%) 37 | 4 74 29 39 14 65 Regions Visited 5 Branch Regions . Pre-discovered Areas . | . . . . . . Known Exits Taken 3 | . 1 1 . 1 . Unknown Exits Taken 2 | 1 . . 1 . . Scrap Searched . | . . . . . . Spaces Dug . | . . . . . . Terrain Destroyed 121 | . 5 6 20 81 9 Melee . | . . . . . . Projectile 4 | . . 1 . 1 2 AOE 117 | . 5 5 20 80 7 Actions | -11 -10 -9 -8 -7 -7 --------- Run | Scr Mat Mat Mat Fac Gar Total 3953 | 79 685 429 626 592 1542 Wait 252 | . 58 51 29 30 84 Move 3090 | 69 525 319 479 495 1203 Hop . | . . . . . . Pick Up 61 | 4 14 6 11 9 17 Fast Attach 60 | 6 11 5 13 8 17 Attach 37 | . 7 3 8 4 15 Detach 14 | . 5 . 1 5 3 Swap 32 | . 6 4 5 4 13 Drop 70 | . 14 5 12 15 24 Fire 273 | . 45 36 68 22 102 Melee 2 | . . . . . 2 Ram . | . . . . . . Kick . | . . . . . . Crush . | . . . . . . Escape Stasis 62 | . . . . . 62 Rewire . | . . . . . . Trap . | . . . . . . Miscellaneous . | . . . . . . Route ------- -11/Scrapyard -10/Materials (discovered 2 exits: *Mat / [*Min]) -9/Materials -8/Materials -7/Factory -7/Garrison (discovered 1 exit: [*Fac]) History --------- Turn | Location | Event 45 | -11/Scrapyard | Discovered new exit (range 15) 92 | -11/Scrapyard | Entered Materials 309 | -10/Materials | Build established: Mutant 449 | -10/Materials | Discovered new exit (range 16) 994 | -10/Materials | Discovered new exit (range 6) 999 | -10/Materials | Identified exit to Materials 1000 | -10/Materials | Entered another Materials area 1000 | -9/Materials | Evolved 2 slots: Propulsion x1, Utility x1 1127 | -9/Materials | Lost 4 parts (2n1u1w) 1211 | -9/Materials | Discovered new exit (range 15) 1387 | -9/Materials | Build established: Scavenger-Mutant 1558 | -9/Materials | Identified exit to Materials 1559 | -9/Materials | Entered another Materials area 1559 | -8/Materials | Evolved 2 slots: Propulsion x1, Utility x1 1913 | -8/Materials | Lost 9 parts (1p3n1u4w) 1958 | -8/Materials | Lost 3 parts (1n1u1w) 2400 | -8/Materials | Discovered new exit (range 6) 2406 | -8/Materials | Entered Factory 2406 | -7/Factory | Evolved 2 slots: Power x1, Utility x1 2444 | -7/Factory | Identified exit to Garrison 2471 | -7/Factory | Build established: Mutant 2724 | -7/Factory | Garrison activated, responded to threat 3039 | -7/Factory | Entered Garrison 3045 | -7/Garrison | Installed Relay Interface Framework 3130 | -7/Garrison | Triggered checkpoint 3135 | -7/Garrison | Garrison Relay disabled 3348 | -7/Garrison | Lost 8 parts (2p3n2u1w) 3566 | -7/Garrison | Triggered checkpoint 3722 | -7/Garrison | Garrison Relay disabled 3790 | -7/Garrison | Triggered checkpoint 3806 | -7/Garrison | Triggered checkpoint 3862 | -7/Garrison | Triggered checkpoint 3879 | -7/Garrison | Discovered new exit (range 14) 4332 | -7/Garrison | Build established: Scavenger-Mutant 4706 | -7/Garrison | Core integrity fell below 50% 4727 | -7/Garrison | Core integrity fell below 20% 4739 | -7/Garrison | Destroyed by G-47 Trooper with Particle Gun Last Messages --------------- 04719_ Lgt. Nuclear Core blown off. 04719_ E-15 Imp destroyed. 04721_ VTOL Module destroyed. 04722_ Jacked L-41 Fighter... >>parse_system Reading system data... 04728_ Chain reaction triggered in Lgt. Nuclear Core. 04728_ S-27 Virus destroyed. 04728_ L-41 Fighter destroyed. 04728_ Chain reaction triggered in Lgt. Nuclear Core. 04729_ Proton Missile Launcher destroyed. 04730_ Dropped Lrg. Storage Unit. 04731_ Acquired 30 matter. 04731_ Acquired 17 matter. 04732_ Remote Datajack destroyed. 04732_ Acquired Segregator. 04735_ Acquired 11 matter. 04738_ System corrupted: Matter fused (-8). 04738_ Acquired 1 matter. 04738_ System corrupted: Segregator targeting data glitched. Map ----- +----------------------------------------------------+ | ????????????????????????????????## ##""""## # | | ????????????????????????????????# ### | | ?????????????????????????????? | | ?????????????????????????????? | | ???????????????????????????????## ## ## ### | | ????????????????????????????????# ## ## ### | | ????????????????????????????????" [" % | | ????????????????????????????????" % =# | | ????????????????????????????????" % # | | ????????????????????????????????" ] =# | | ????????????????????????????????# ## ## ### | | ???????????????????????###??????# ## ## ##? | | ???????????????????????# ??????# ### | | ???????????????????????# ??????# =" | | ???????????????????????# ??????# ### | | ???????????????????????# ??????# ##""""## !#?? | | ???????????????????????# #?????# #??????#%* #?? | | ??????????????????????## #?###?# #??????# #?# | | ??????????????????????? #?# ?#^ ^#??????# !#?? | | ???????????????????????# #?# #?# #??????# #?? | | ???????????????????????# #?# #?# #??????# ### | | ???????????????????????# ###!### #??????# | | ???????????############# [ # *;## #??????# ### | | ?????????? g% ! #??????# #?? | | ?????????? g #??????# #?? | | ?????????? g= @ #??????# ### | | ?????????????###########![ #;######??????# | | ???????????????????????#%=######???????????# | | ???????????????????????#/=#????????????????# | | ???????????????????????#%=#????????????????####### | | ???????????????????????#! #??????????????????????? | | ???????????????????????# #??????????????????????? | | ???????????????????????# #??????????????????????? | | ???????????????????????# #??????????????????????? | | ???????????????????????# ???????????????????????? | | ???????????????????????# ???????????????????????? | | ???????????????????????# ???????????????????????? | | ???????????????????????# ???????????????????????? | | ???????????????????????? ???????????????????????? | | ???????????????????????? ???????????????????????? | | ???????????????????????? ???????????????????????? | | ?????????????????????????????????????????????????? | | ?????????????????????????????????????????????????? | | ?????????????????????????????????????????????????? | | ??????????????????????????????????????????????#### | | ??????????????????????????????????????????????#""" | | ??????????????????????????????????????????????#" % | | ??????????????????????????????????????????????#!!= | | ??????????????????????????????????????????????# ! | | ??????????????????????????????????????????????#" | +----------------------------------------------------+ Best States ------------- Heat Dissipation 69 Energy Generation 23 Energy Capacity 325 Matter Stores 300 Matter Capacity 400 Sight Range 16 Robot Scan Range 16 Terrain Scan Range 16 Terrain Scan Density 210 Armor Coverage 150 Core Shielding 20 Evasion (%) 63 Targeting Accuracy 5 Item Schematics ----------------- None Robot Schematics ------------------ None Fabricated ------------ Nothing Alien Tech Used ----------------- None Achievements -------------- Oh No You Don't! Omniscient Cartographer Use The Force Challenges ------------ None Game ------ Seed ScanSlugApparatus Manual? 0 Play Time 01:06:41 Cumulative 10.2 hours Start 2019.10.31 @ 23:10:43 End 2019.11.03 @ 22:17:34 Sessions 3 Manual Loads 0 Difficulty Rogue Special Mode None Game No. 9 Rogue 9 Adventurer 0 Explorer 0 Win Type - Total 0 Types 0/0/0/0/0/0/0 Lore% 13 Gallery% 17 Achievement% 16 Wizard Run 0 Options --------- ASCII 0 Keyboard 1 Movement Numpad Keybinds 0 Fullscreen 1 Font 24/Smallcaps Map View 76x50 Tactical HUD 1 Map Filters NONE Filters NONE Steam 1 RUN: a5d88859-ac6a-4c66-8640-66b4f25554b3